 Dungeon Crawl Stone Soup version 0.21.0-24-g2553a3340b (webtiles) character file.

1752 misspelled the Digger (level 9, -3/52 HPs)
             Began as a Gargoyle Earth Elementalist on Jan 21, 2018.
             Was an Initiate of Vehumet.
             Slain by a bullfrog (7 damage)
             ... on level 6 of the Dungeon.
             The game lasted 00:34:01 (5544 turns).

misspelled the Digger (Gargoyle Earth Elementalist) Turns: 5544, Time: 00:34:02

Health: -3/52      AC:  9    Str: 13    XL:     9   Next: 6%
Magic:  6/17       EV: 12    Int: 18    God:    Vehumet [......]
Gold:   330        SH:  3    Dex: 10    Spells: 10/19 levels left

rFire    . . .     SeeInvis .   h - -2 short sword (curse)
rCold    . . .     Gourm    .   (no shield)
rNeg     + . .     Faith    .   c - +0 robe
rPois    ∞         Spirit   .   (no helmet)
rElec    +         Reflect  +   f - +0 cloak
rCorr    .         Harm     .   (no gloves)
MR       .....                  (no boots)
Stlth    ++........             t - +3 amulet of reflection
HPRegen  0.17/turn              (no ring)
MPRegen  0.15/turn              (no ring)

@: about to teleport
A: negative energy resistance 1, electricity resistance, unbreathing,
petrification resistance, rot immunity, AC +6
a: Renounce Religion


You were on level 6 of the Dungeon.
You worshipped Vehumet.
Vehumet was noncommittal.
You were not hungry.

You visited 2 branches of the dungeon, and saw 7 of its levels.

You collected 330 gold pieces.

Inventory:

Hand Weapons
 g - a +0 club
 h - a cursed -2 short sword (weapon)
 n - a +0 mace
 r - a +0 dagger of pain
 y - a +1 short sword of venom
Missiles
 v - 30 stones (quivered)
Armour
 c - a +0 robe (worn)
 f - a +0 cloak (worn)
Jewellery
 t - a +3 amulet of reflection (around neck)
 B - an uncursed amulet of rage
Wands
 e - a wand of paralysis (14)
 o - a wand of polymorph (14)
Scrolls
 a - 4 scrolls of identify
 k - a scroll of immolation {unknown}
 m - a scroll of magic mapping {unknown}
 A - a scroll of vulnerability {unknown}
Potions
 b - 2 potions of magic {unknown}
 j - 2 potions of flight
 s - a potion of agility
 w - a potion of curing
Comestibles
 d - 10 rations


   Skills:
 + Level 3.7 Fighting
 + Level 3.5 Armour
 - Level 1.7 Dodging
 - Level 2.1 Stealth
 + Level 5.5 Spellcasting
 + Level 5.0 Conjurations
   Level 0.7 Transmutations
 + Level 7.8 Earth Magic
 + Level 2.9 Evocations


You had 10 spell levels left.
You knew the following spells:

 Your Spells              Type           Power        Failure   Level  Hunger
a - Sandblast             Erth           ####..       1%          1    None
b - Stone Arrow           Conj/Erth      ####..       2%          3    ##.....
c - Lee's Rapid Deconstr  Erth           ####......   14%         5    #####..


Dungeon Overview and Level Annotations

Branches:
Dungeon (6/15)             Temple (1/1) D:4

Altars:
Ashenzari
Cheibriados
Dithmenos
Elyvilon
Fedhas
Gozag
Hepliaklqana
Kikubaaqudgha
Makhleb
Nemelex Xobeh
Okawaru
Qazlal
Ru
Trog
Uskayaw
Vehumet
Wu Jian
Xom
Yredelemnul
Zin
The Shining One

Shops:
D:4 (


Innate Abilities, Weirdness & Mutations

You are resistant to torment.
Your stone body is resilient. (AC +6)
You are immune to poison.
You resist negative energy. (rN+)
You are resistant to electric shocks. (rElec)
You can survive without breathing.
You are immune to petrification.
You are immune to rotting.


Message History

Confirm with . or Enter, or press ? or * to list all spells.
Aiming: Sandblast
Press: ? - help, Shift-Dir - straight line, f - bullfrog
Aim: a bullfrog The blast of sand hits the bullfrog.
The bullfrog is heavily wounded.
v - 30 stones An orc wizard appears from thin air!
Reactivating autopickup.
The bullfrog closely misses you. You block the bullfrog's attack.
The orc wizard mumbles some strange words.
The orc wizard flickers and vanishes!
Deactivating autopickup; reactivate with Ctrl-A.
The bullfrog barely misses you.
You see here a viscous puce potion.
Okay, then.
As you read the scroll of teleportation, it crumbles to dust.
You feel strangely unstable. The bullfrog closely misses you.
The bullfrog hits you!
You die...

#.# #.##.#
#.# ##.##
###.F.#
#o..#$#
#{#...#
#.#####
####.#
##....#
#.@F###
#.........
.....######
####.## #.#
#.# #.# #.#


You could see a bullfrog.

Vanquished Creatures
  The ghost of uvhash the Chopper, a novice DsMo (D:5)
  Sigmund (D:5)
  A water moccasin (D:6)
  An orc warrior (D:6)
  2 sky beasts (D:5)
  An ogre (D:4)
  The ghost of uvhash the Sneak, an amateur DsAs (D:3)
  A bullfrog (D:4)
  Blork the orc (D:5)
  A scorpion (D:5)
  A howler monkey (D:4)
  2 crimson imps (D:5)
  A hound (D:5)
  2 jellies
  An orc priest (D:4)
  An orc wizard (D:3)
  Jessica (D:2)
  Terence (D:2)
  4 worker ants
  A killer bee zombie (D:6)
  A worker ant zombie (D:5)
  A gnoll (D:1)
  5 adders
  A shadow imp (D:5)
  2 adder skeletons
  A worm (D:3)
  A dart slug (D:4)
  2 leopard geckos
  12 orcs
  3 ball pythons
  6 giant cockroaches
  7 goblins
  7 hobgoblins
  7 jackals
  5 kobolds
  4 quokkas
  7 bats
  7 frilled lizards
  A quokka skeleton (D:4)
  4 rats
110 creatures vanquished.

Notes
Turn   | Place    | Note
-------+----------+-------------------------------------------
     0 | D:1      | misspelled the Gargoyle Earth Elementalist began the quest for the Orb.
     0 | D:1      | Reached XP level 1. HP: 10/10 MP: 3/3
   147 | D:1      | Reached skill level 4 in Earth Magic
   161 | D:1      | Reached XP level 2. HP: 5/15 MP: 0/5
   437 | D:1      | Reached XP level 3. HP: 15/19 MP: 0/6
   772 | D:2      | Found a faded altar of an unknown god.
  1040 | D:2      | Reached XP level 4. HP: 22/24 MP: 8/8
  1067 | D:2      | Noticed Terence
  1120 | D:2      | Killed Terence
  1120 | D:2      | Reached skill level 5 in Earth Magic
  1233 | D:2      | Noticed Jessica
  1237 | D:2      | Killed Jessica
  1497 | D:2      | Reached XP level 5. HP: 25/28 MP: 6/10
  1756 | D:3      | Noticed uvhash's ghost (amateur DsAs)
  1839 | D:3      | Learned a level 3 spell: Stone Arrow
  1845 | D:3      | Learned a level 5 spell: Lee's Rapid Deconstruction
  2240 | D:3      | Reached skill level 1 in Conjurations
  2464 | D:3      | Found a glowing silver altar of Zin.
  2841 | D:3      | Killed uvhash's ghost
  2841 | D:3      | Reached skill level 6 in Earth Magic
  2841 | D:3      | Reached XP level 6. HP: 32/32 MP: 3/11
  3070 | D:4      | Found an opulent altar of Gozag.
  3126 | D:4      | Found a staircase to the Ecumenical Temple.
  3157 | Temple   | Entered the Ecumenical Temple
  3426 | Temple   | Became a worshipper of Vehumet
  3589 | D:4      | Found a shadowy altar of Dithmenos.
  3624 | D:4      | Reached XP level 7. HP: 36/36 MP: 6/13
  3701 | D:4      | Found Feamp's Antique Weapon Boutique.
  3944 | D:5      | Entered Level 5 of the Dungeon
  3957 | D:5      | Noticed uvhash's ghost (novice DsMo)
  3990 | D:5      | Reached skill level 1 in Fighting
  3990 | D:5      | Reached skill level 1 in Armour
  4035 | D:5      | Reached skill level 1 in Evocations
  4305 | D:5      | Killed uvhash's ghost
  4305 | D:5      | Reached skill level 5 in Spellcasting
  4305 | D:5      | Reached skill level 7 in Earth Magic
  4305 | D:5      | Reached XP level 8. HP: 3/45 MP: 0/15
  4603 | D:5      | Noticed Blork the orc
  4609 | D:5      | Killed Blork the orc
  4702 | D:5      | Noticed Sigmund
  4706 | D:5      | Killed Sigmund
  4958 | D:6      | Found a sparkling altar of Nemelex Xobeh.
  5045 | D:6      | Paralysed by fainting for 9 turns
  5060 | D:6      | Paralysed by fainting for 11 turns
  5094 | D:6      | Paralysed by fainting for 11 turns
  5496 | D:6      | Reached XP level 9. HP: 51/51 MP: 14/17
  5512 | D:6      | HP: 2/51 [orc warrior/morningstar (9)]
  5530 | D:6      | HP: 1/51 [orc warrior/morningstar (10)]
  5538 | D:6      | Reached skill level 5 in Conjurations
  5544 | D:6      | Slain by a bullfrog

Skill      XL: |  1  2  3  4  5  6  7  8  9 |
---------------+----------------------------+-----
Earth Magic    | 4 5 6 7 |  7.8
Spellcasting   | 3 4 5 |  5.5
Conjurations   | 1 3 4 5 |  5.0
Fighting       | 2 3 |  3.7
Armour         | 2 3 |  3.5
Evocations     | 1 2 |  2.9
Dodging        | |  1.7
Stealth        | |  2.1
Transmutations | |  0.7

Action                   |  1- 3 |  4- 6 |  7- 9 || total
-------------------------+-------+-------+-------++-------
Melee: Unarmed           |    18 |       |       ||    18
       Club              |    42 |     7 |       ||    49
       Short sword       |       |    59 |   201 ||   260
Throw: Stone             |       |     1 |       ||     1
 Cast: Sandblast         |    36 |    66 |    79 ||   181
       Stone Arrow       |       |     1 |       ||     1
Evoke: Wand              |       |       |     1 ||     1
  Use: Scroll            |       |     5 |     7 ||    12
       Potion            |       |       |    10 ||    10
 Stab: Sleeping          |     1 |     1 |       ||     2
       Invisible         |       |       |     1 ||     1
  Eat: Chunk             |     1 |     7 |     4 ||    12
       Ration            |       |       |     1 ||     1
Armor: Robe              |    33 |    32 |    90 ||   155
       Skin              |       |       |    50 ||    50
Dodge: Dodged            |    82 |    68 |   184 ||   334
Block: Other             |       |     6 |    25 ||    31
